 Dungeon Crawl Stone Soup version 0.19.1 (webtiles) character file.

1488 nikopol the Skirmisher (level 8, -8/78 HPs)
             Began as a Gargoyle Berserker on Dec 21, 2016.
             Was an Elder of Trog.
             Killed from afar by an orc wizard (10 damage)
             ... with a magic dart
             ... on level 6 of the Dungeon.
             The game lasted 00:11:50 (5074 turns).

nikopol the Skirmisher (Gargoyle Berserker)         Turns: 5074, Time: 00:11:50

Health: -8/78      AC: 12    Str: 25    XL:     8   Next: 80%
Magic:  8/8        EV: 13    Int:  9    God:    Trog [****..]
Gold:   457        SH:  0    Dex: 11    Spells: 0 memorised, 7 levels left

rFire  . . .     SeeInvis .     a - +3 war axe
rCold  . . .     Gourm    .     s - +0 ring mail
rNeg   + . .     Faith    .     (no shield)
rPois  ∞         Spirit   .     (no helmet)
rElec  +         Reflect  .     (no cloak)
rCorr  .         Harm     .     C - +0 pair of gloves
MR     +....                    (no boots)
Stlth  ..........               w - amulet of regeneration
                                (no ring)
                                k - ring of protection from magic

@: berserking (expiring), very quick
A: negative energy resistance 1, electricity resistance, unbreathing,
petrification resistance, rot immunity, AC +5
a: Berserk, Trog's Hand, Brothers in Arms, Burn Spellbooks, Renounce Religion


You were on level 6 of the Dungeon.
You worshipped Trog.
Trog was greatly pleased with you.
You were not hungry.

You visited 1 branch of the dungeon, and saw 6 of its levels.

You collected 457 gold pieces.

Inventory:

Hand Weapons
 a - a +3 war axe (weapon)
 z - a +0 shortbow
 D - a +0 hand axe
Missiles
 t - 91 arrows (quivered)
Armour
 b - a +0 animal skin
 s - a +0 ring mail (worn)
 C - a +0 pair of gloves (worn)
Jewellery
 k - a ring of protection from magic (left hand)
 w - an amulet of regeneration (around neck)
 y - a cursed ring of teleportation {unknown}
Scrolls
 d - 7 scrolls of identify {unknown}
 e - 3 scrolls of noise {unknown}
 h - a scroll of enchant weapon {unknown}
 i - 6 scrolls of remove curse {unknown}
 j - a scroll of enchant armour {unknown}
 n - 3 scrolls of random uselessness {unknown}
 u - a scroll of amnesia {unknown}
 v - 3 scrolls of fog {unknown}
 x - a scroll of teleportation {unknown}
 A - a scroll of recharging {unknown}
 B - a scroll of immolation {unknown}
Potions
 f - a potion of agility {unknown}
 g - 2 potions of mutation {unknown}
 l - a potion of degeneration {unknown}
 m - 3 potions of curing {unknown}
 o - 3 potions of lignification {unknown}
 r - a potion of might {unknown}
Comestibles
 c - 6 bread rations
 p - a beef jerky
 q - 4 fruits
 E - 3 chunks of flesh


   Skills:
 + Level 6.6 Fighting
 * Level 5.5 Axes
 * Level 1.6 Bows
 + Level 6.0 Armour
 + Level 4.4 Dodging


You had 7 spell levels left.
You didn't know any spells.

Dungeon Overview and Level Annotations

Branches:
Dungeon (6/15)             Temple (0/1) D:6

Altars:
Cheibriados
Hepliaklqana
Okawaru
Xom


Innate Abilities, Weirdness & Mutations

You are resistant to torment.
Your stone body is resilient. (AC +5)
You are immune to poison.
You resist negative energy. (rN+)
You are resistant to electric shocks. (rElec)
You can survive without breathing.
You are immune to petrification.
You are immune to rotting.


Message History

You barely miss the bullfrog. You slash something! The bullfrog misses you.
The orc warrior barely misses you. The bullfrog barely misses you.
You closely miss the orc warrior.
The orc warrior is heavily wounded.
You barely miss something. You closely miss the bullfrog.
The bullfrog hits you but does no damage.
The orc warrior closely misses you.
You closely miss the orc warrior.
The orc warrior is heavily wounded.
You slash the bullfrog!
You kill the bullfrog!
Trog accepts your kill.
You slash something! Trog accepts your kill.
Trog appreciates your killing of a magic user.
Reactivating autopickup.
You feel a bit more experienced.
You slash the orc wizard!
The orc wizard gestures at you while chanting.
The magic dart hits you!
You die...

..............#†)..#
#.#.###..
##.....>...........##
.#.#
#.......................
#.....................#
#..................##.#
................#### ...
................#######.
.#.............†))......
.#......#.....##@)<.....
...#############oo......
.### #o....... .#
#........ .# #.......#
.# #.....>.# ##
........# #########


You could see an orc warrior and 2 orc wizards.

Vanquished Creatures
  An ice beast (D:6)
  3 ogres
  A centaur (D:5)
  A bullfrog (D:6)
  3 scorpions
  A killer bee (D:5)
  A howler monkey (D:4)
  2 crimson imps (D:5)
  3 hounds
  3 orc priests
  An iguana (D:4)
  7 worker ants
  4 orc wizards
  A hound skeleton (D:4)
  4 gnolls (D:6)
  2 adders
  A shadow imp (D:6)
  An adder skeleton (D:5)
  4 worms (D:3)
  6 dart slugs
  2 leopard geckos
  17 orcs
  8 bats
  15 giant cockroaches
  15 goblins
  10 hobgoblins
  14 kobolds
  5 frilled lizards
  2 quokka skeletons
  8 rats
  A butterfly (D:5)
147 creatures vanquished.

Vanquished Creatures (others)
  4 fungi (D:4)
4 creatures vanquished.

Grand Total: 151 creatures vanquished

Notes
Turn   | Place    | Note
-------+----------+-------------------------------------------
     0 | D:1      | nikopol the Gargoyle Berserker began the quest for the Orb.
     0 | D:1      | Reached XP level 1. HP: 14/14 MP: 1/1
   207 | D:1      | Reached XP level 2. HP: 15/19 MP: 2/2
   540 | D:1      | Reached XP level 3. HP: 13/23 MP: 3/3
   734 | D:1      | Reached ** piety under Trog
  1295 | D:2      | Found a faded altar of an unknown god.
  1306 | D:2      | Found a snail-covered altar of Cheibriados.
  1646 | D:2      | Reached XP level 4. HP: 28/29 MP: 4/4
  1734 | D:2      | Found a shimmering altar of Xom.
  2101 | D:3      | Found an iron altar of Okawaru.
  2498 | D:3      | Reached *** piety under Trog
  2519 | D:3      | Found a hazy altar of Hepliaklqana.
  2835 | D:4      | Reached XP level 5. HP: 23/33 MP: 5/5
  3053 | D:4      | Reached XP level 6. HP: 22/39 MP: 6/6
  3318 | D:4      | Reached skill level 5 in Fighting
  3534 | D:4      | Reached XP level 7. HP: 42/44 MP: 7/7
  3960 | D:5      | Entered Level 5 of the Dungeon
  4154 | D:5      | Reached **** piety under Trog
  4165 | D:5      | HP: 1/45 [ogre/giant club (18)]
  4167 | D:5      | Reached skill level 5 in Armour
  4256 | D:5      | Reached XP level 8. HP: 51/51 MP: 8/8
  4462 | D:5      | Found a runed door.
  4466 | D:5      | Found a runed door.
  4494 | D:5      | Reached skill level 5 in Axes
  5057 | D:6      | Found a staircase to the Ecumenical Temple.
  5065 | D:6      | Reached skill level 1 in Bows
  5071 | D:6      | HP: 1/78 [something/magic dart (4)]
  5074 | D:6      | Killed from afar by an orc wizard

Skill      XL: |  1  2  3  4  5  6  7  8 |
---------------+-------------------------+-----
Dodging        | 2 3 4 |  4.4
Axes           | 3 4 5 |  5.5
Armour         | 3 4 5 6 |  6.0
Fighting       | 4 5 6 |  6.6
Bows           | 1 |  1.6

Action                   |  1- 3 |  4- 6 |  7- 9 || total
-------------------------+-------+-------+-------++-------
Melee: Hand axe          |   129 |   207 |    66 ||   402
       War axe           |       |       |    99 ||    99
 Fire: Shortbow          |       |       |    18 ||    18
Invok: Berserk           |       |     3 |     3 ||     6
  Eat: Chunk             |     2 |     9 |     8 ||    19
Armor: Animal skin       |    46 |     3 |       ||    49
       Ring mail         |       |   100 |    89 ||   189
Dodge: Dodged            |    93 |   127 |   121 ||   341
